 Dungeon Crawl Stone Soup version 0.21-a0-150-gc243083 (webtiles) character file.

665 Kurtz the Magician (level 7, -6/36 HPs)
             Began as a Kobold Ice Elementalist on July 26, 2017.
             Was a Follower of Vehumet.
             Mangled by an ogre
             ... wielding a +0 giant club
              (16 damage)
             ... on level 4 of the Dungeon.
             The game lasted 00:12:54 (6008 turns).

Kurtz the Magician (Kobold Ice Elementalist)        Turns: 6008, Time: 00:12:55

Health: -6/36      AC: 11    Str:  6    XL:     7   Next: 87%
Magic:  0/15       EV: 12    Int: 18    God:    Vehumet [*.....]
Gold:   167        SH:  0    Dex: 15    Spells: 2/17 levels left

rFire    . . .     SeeInvis .   B - +2 dagger (venom)
rCold    . . .     Gourm    .   (shield restricted)
rNeg     + . .     Faith    .   d - +0 swamp dragon scales
rPois    +         Spirit   +   G - +2 helmet
rElec    .         Reflect  .   u - +0 cloak
rCorr    +         Harm     .   (no gloves)
MR       .....                  (no boots)
Stlth    ++........             s - amulet of guardian spirit
HPRegen  0.12/turn              e - ring of positive energy
MPRegen  0.14/turn              l - ring of resist corrosion

@: very slightly contaminated
A: carnivore 3
a: Renounce Religion


You were on level 4 of the Dungeon.
You worshipped Vehumet.
Vehumet was aware of your devotion.
You were completely stuffed.

You visited 1 branch of the dungeon, and saw 4 of its levels.
You also visited: Sewer.

You collected 167 gold pieces.

Inventory:

Hand Weapons
 k - a +0 spear
 m - a +0 short sword
 o - a +1 dagger of protection
 v - a +0 short sword
 y - a +0 blowgun
 B - a +2 dagger of venom (weapon)
Armour
 a - a +0 robe
 d - +0 swamp dragon scales (worn)
 u - a +0 cloak (worn)
 G - a +2 helmet (worn)
Jewellery
 e - a ring of positive energy (left hand)
 l - a ring of resist corrosion (right hand)
 s - an amulet of guardian spirit (around neck)
Scrolls
 g - 2 scrolls of remove curse {unknown}
 h - 4 scrolls of magic mapping {unknown}
 i - a scroll of immolation {unknown}
 n - a scroll of enchant weapon {unknown}
 p - 5 scrolls of identify {unknown}
 r - 2 scrolls of teleportation {unknown}
 D - a scroll of random uselessness {unknown}
 F - a scroll of recharging {unknown}
 H - a scroll of fear {unknown}
Potions
 f - a potion of lignification {unknown}
 q - a potion of mutation {unknown}
 t - a potion of magic {unknown}
 w - 3 potions of agility
 x - 3 potions of heal wounds {unknown}
 z - 4 potions of curing {unknown}
 A - a potion of might {unknown}
 C - a potion of brilliance {unknown}
 E - a potion of cancellation {unknown}
Books
 b - a book of Frost

   Spells                             Type                      Level
   a - Freeze                         Ice                          1
   b - Throw Frost                    Conjuration/Ice              2
   c - Ozocubu's Armour               Charms/Ice                   3
   d - Throw Icicle                   Conjuration/Ice              4
   e - Summon Ice Beast               Ice/Summoning                4
Comestibles
 c - 3 meat rations
 j - a royal jelly


   Skills:
 + Level 1.6 Short Blades
 - Level 2.4 Dodging
 * Level 4.2 Stealth
 * Level 5.7 Spellcasting
 * Level 2.4 Conjurations
 * Level 5.5 Ice Magic


You had 2 spell levels left.
You knew the following spells:

 Your Spells              Type           Power        Failure   Level  Hunger
a - Freeze                Ice            ####         5%          1    None
b - Throw Frost           Conj/Ice       ###...       14%         2    None
c - Ozocubu's Armour      Chrm/Ice       ###.....     43%         3    ##.....
d - Throw Icicle          Conj/Ice       ###.....     67%         4    ####...
e - Summon Ice Beast      Ice/Summ       ###.....     85%         4    ####...
f - Magic Dart            Conj           ##..         19%         1    None


Dungeon Overview and Level Annotations

Branches:
Dungeon (4/15)
 Temple: D:4-7

Altars:
Dithmenos
Hepliaklqana
Ru
Vehumet
Yredelemnul


Innate Abilities, Weirdness & Mutations

You are small and have problems with some larger weapons.
You are carnivorous and can eat meat at any time.


Message History

Aim: an ogre, wielding a giant club (severely wounded, poisoned)
You freeze the ogre.
The ogre is almost dead.
The ogre misses you.
Casting: Freeze
Confirm with . or Enter, or press ? or * to list all spells.
Aiming: Freeze
Press: ? - help, Shift-Dir - straight line, f/p - ogre
Aim: an ogre, wielding a giant club (almost dead, poisoned)
You freeze the ogre.
The ogre is almost dead.
Casting: Freeze
Confirm with . or Enter, or press ? or * to list all spells.
Aiming: Freeze
Press: ? - help, Shift-Dir - straight line, f/p - ogre
Aim: an ogre, wielding a giant club (almost dead, poisoned)
You freeze the ogre.
The ogre is almost dead.
The ogre hits you with a giant club!
You die...

#....#
#..)..
######....#
#.....
#.........#
######
#......$.##
#........#
#........#
#........#
#..O.....#
#..@.....#
##########


You could see an ogre.

Vanquished Creatures
  Menkaure (D:4)
  4 big kobolds (Sewer)
  An orc wizard (D:4)
  A worker ant (D:4)
  4 gnolls (D:4)
  4 adders
  A river rat (D:4)
  3 oozes
  An adder skeleton (D:3)
  4 worms
  2 dart slugs
  3 leopard geckos
  7 orcs
  5 ball pythons
  7 giant cockroaches
  10 goblins
  7 hobgoblins
  17 kobolds
  2 quokkas (D:2)
  10 bats
  7 frilled lizards
  11 rats
112 creatures vanquished.

Vanquished Creatures (others)
  A plant (Sewer)
  4 toadstools (D:1)
5 creatures vanquished.

Grand Total: 117 creatures vanquished

Notes
Turn   | Place    | Note
-------+----------+-------------------------------------------
     0 | D:1      | Kurtz the Kobold Ice Elementalist began the quest for the Orb.
     0 | D:1      | Reached XP level 1. HP: 10/10 MP: 3/3
   191 | D:1      | Reached XP level 2. HP: 2/15 MP: 0/5
   662 | D:1      | Learned a level 2 spell: Throw Frost
  1163 | D:1      | Reached XP level 3. HP: 19/19 MP: 2/7
  2188 | D:2      | Reached XP level 4. HP: 22/24 MP: 2/8
  2721 | D:2      | Found a basalt altar of Yredelemnul.
  2840 | D:2      | Learned a level 3 spell: Ozocubu's Armour
  3363 | D:3      | Reached XP level 5. HP: 28/28 MP: 4/10
  3600 | D:3      | Found a sacrificial altar of Ru.
  3604 | D:3      | Found a radiant altar of Vehumet.
  3606 | D:3      | Found a shadowy altar of Dithmenos.
  3612 | D:3      | Became a worshipper of Vehumet
  3746 | D:3      | Reached skill level 1 in Short Blades
  3950 | D:3      | Found a hazy altar of Hepliaklqana.
  4273 | D:4      | Found a glowing drain.
  4337 | Sewer    | Entered a sewer
  4412 | Sewer    | Noticed a big kobold
  4412 | Sewer    | Noticed a big kobold
  4412 | Sewer    | Noticed a big kobold
  4422 | Sewer    | Killed a big kobold
  4422 | Sewer    | Reached XP level 6. HP: 29/32 MP: 1/12
  4557 | Sewer    | Reached skill level 5 in Ice Magic
  4580 | Sewer    | Reached XP level 7. HP: 23/36 MP: 2/14
  4932 | Sewer    | Reached skill level 5 in Spellcasting
  4934 | Sewer    | Reached * piety under Vehumet
  4934 | Sewer    | Offered knowledge of Magic Dart by Vehumet.
  5277 | D:4      | Learned a level 4 spell: Throw Icicle
  5282 | D:4      | Learned a level 4 spell: Summon Ice Beast
  5284 | D:4      | Learned a level 1 spell: Magic Dart
  5771 | D:4      | Noticed Menkaure
  5797 | D:4      | HP: 1/36 [Menkaure (2)]
  5798 | D:4      | Killed Menkaure
  6008 | D:4      | Mangled by an ogre

Vault maps used:
D:1:      ldierk_walled_garden_2, minmay_misc_feat_roman
D:2:      nicolae_overflow_hidden_temple
D:3:      minitemple, marbit_many_paths, first_bread
D:4:      lemuel_doored_altar, gup_sewer_entry_spiral, uniq_ijyb, uniq_menkaure
Sewer:    kennysheep_pipe_town

Skill      XL: |  1  2  3  4  5  6  7 |
---------------+----------------------+-----
Spellcasting   | 3 4 5 |  5.7
Ice Magic      | 4 5 |  5.5
Short Blades   | 1 |  1.6
Stealth        | 3 4 |  4.2
Conjurations   | 2 |  2.4
Dodging        | |  2.4

Action                   |  1- 3 |  4- 6 |  7- 9 || total
-------------------------+-------+-------+-------++-------
Melee: Unarmed           |    92 |       |       ||    92
       Spear             |    31 |       |       ||    31
       Dagger            |       |   183 |    51 ||   234
       Short sword       |       |     2 |       ||     2
 Cast: Freeze            |    51 |    51 |    29 ||   131
       Throw Frost       |     3 |    21 |    15 ||    39
       Magic Dart        |       |       |     4 ||     4
  Use: Potion            |       |       |     1 ||     1
 Stab: Sleeping          |     1 |     2 |       ||     3
  Eat: Chunk             |    13 |     9 |     5 ||    27
Armor: Swamp dragon scal |    51 |    86 |    34 ||   171
       Robe              |     4 |       |       ||     4
Dodge: Dodged            |   106 |   144 |    37 ||   287
